| TOP OF THE 1ST |
|
New Orleans Zephyrs batting - Pitching for El Paso Chihuahuas : LHP Kyle Foster
|
|
Pitching: LHP Kyle Foster
|
|
|
Batting: RHB Boof Howell
|
0-0: Called Strike 0-1: Swinging Strike 0-2: Ball 1-2: Ground out 6-3 (Groundball, 56, EV 79.4 MPH)
|
|
Batting: RHB Harrie de Kam
|
0-0: Called Strike 0-1: Ball 1-1: Ground out 5-3 (Groundball, 56S, EV 68.1 MPH)
|
|
Batting: RHB Manuel Taveras
|
0-0: Ball 1-0: Swinging Strike 1-1: Foul Ball, location: 2F 1-2: DOUBLE (Flyball, 89D, EV 97.5 MPH)
|
|
Batting: RHB Rick Fell
|
0-0: Swinging Strike 0-1: Swinging Strike 0-2: Ball 1-2: Ball 2-2: Foul Ball, location: 2F 2-2: Foul Ball, location: 2F 2-2: Strikes out looking
|
| Top of the 1st over - 0 runs, 1 hit, 0 errors, 1 left on base; New Orleans 0 - El Paso 0 |
| BOTTOM OF THE 1ST |
|
El Paso Chihuahuas batting - Pitching for New Orleans Zephyrs : RHP Nick Newmaster
|
|
Pitching: RHP Nick Newmaster
|
|
|
Batting: RHB Dave McBain
|
0-0: Swinging Strike 0-1: Ball 1-1: Swinging Strike 1-2: Ball 2-2: Ball 3-2: Strikes out looking
|
|
Batting: LHB Carlos Cuellar
|
0-0: Ball 1-0: Ball 2-0: Ball 3-0: Ground out U3 (Groundball, 34, EV 105.6 MPH)
|
|
Batting: RHB Mike Hayward
|
0-0: Called Strike 0-1: Ball 1-1: Swinging Strike 1-2: Foul Ball, location: 2F 1-2: Foul Ball, location: 2F 1-2: Strikes out swinging
|
| Bottom of the 1st over - 0 runs, 0 hits, 0 errors, 0 left on base; New Orleans 0 - El Paso 0 |
| TOP OF THE 2ND |
|
New Orleans Zephyrs batting - Pitching for El Paso Chihuahuas : LHP Kyle Foster
|
|
Batting: RHB Isaiah Brockman
|
0-0: Ball 1-0: Ball 2-0: Called Strike 2-1: Ground out 4-3 (Groundball, 4M, EV 86.9 MPH)
|
|
Batting: RHB Masumitsu Sugiura
|
0-0: Ball 1-0: Fly out, F9 (Flyball, 89M, EV 83.1 MPH)
|
|
Batting: RHB Orlando Landa
|
0-0: Ball 1-0: Called Strike 1-1: Swinging Strike 1-2: Strikes out swinging
|
| Top of the 2nd over - 0 runs, 0 hits, 0 errors, 0 left on base; New Orleans 0 - El Paso 0 |
| BOTTOM OF THE 2ND |
|
El Paso Chihuahuas batting - Pitching for New Orleans Zephyrs : RHP Nick Newmaster
|
|
Batting: RHB Jeff Brower
|
0-0: Ball 1-0: Called Strike 1-1: Ball 2-1: Foul Ball, location: 2F 2-2: Ground out 6-3 (Groundball, 6, EV 99.4 MPH)
|
|
Batting: LHB Angel Mejia
|
0-0: Ball 1-0: Ball 2-0: Foul Ball, location: 2F 2-1: Foul Ball, location: 2F 2-2: Foul Ball, location: 2F 2-2: Strikes out swinging
|
|
Batting: RHB Andy Sheridan
|
0-0: Ball 1-0: Swinging Strike 1-1: Ball 2-1: Foul Ball, location: 2F 2-2: Ground out 5-3 (Groundball, 56S, EV 77.5 MPH)
|
| Bottom of the 2nd over - 0 runs, 0 hits, 0 errors, 0 left on base; New Orleans 0 - El Paso 0 |
| TOP OF THE 3RD |
|
New Orleans Zephyrs batting - Pitching for El Paso Chihuahuas : LHP Kyle Foster
|
|
Batting: LHB David Doge
|
0-0: Ground out 5-3 (Groundball, 15, EV 81.9 MPH)
|
|
Batting: RHB John Jackson
|
0-0: Ball 1-0: Ball 2-0: Ball 3-0: Called Strike 3-1: SINGLE (Flyball, 89S, EV 90.6 MPH)
|
|
Batting: RHB Boof Howell
|
0-0: Called Strike 0-1: Fly out, F7 (Flyball, 78M, EV 86.9 MPH)
|
|
Batting: RHB Harrie de Kam
|
0-0: Called Strike 0-1: Ball 1-1: Fly out, F3 (Popup, 23F, EV 88.1 MPH)
|
| Top of the 3rd over - 0 runs, 1 hit, 0 errors, 1 left on base; New Orleans 0 - El Paso 0 |
| BOTTOM OF THE 3RD |
|
El Paso Chihuahuas batting - Pitching for New Orleans Zephyrs : RHP Nick Newmaster
|
|
Batting: RHB Jerry Escamilla
|
0-0: Ball 1-0: SINGLE (Groundball, 56D, EV 97.5 MPH)
|
|
Batting: RHB Robby Godwin
|
0-0: Ball 1-0: Called Strike 1-1: Called Strike Jerry Escamilla steals 2nd base (no throw) 1-2: Ball 2-2: Fly out, F8 (Flyball, 8LM, EV 73.8 MPH)
|
|
Batting: LHB Rich Atterberry
|
0-0: Ball 1-0: Called Strike 1-1: Called Strike 1-2: Ball 2-2: Strikes out swinging
|
|
Batting: RHB Dave McBain
|
0-0: Ball 1-0: Ball 2-0: Called Strike 2-1: Ball 3-1: SINGLE (Groundball, 5S, EV 66.2 MPH) (infield hit) Jerry Escamilla to third
|
|
Batting: LHB Carlos Cuellar
|
0-0: Reached on error, E2 (Groundball, 13S, EV 74.4 MPH) Jerry Escamilla scores Dave McBain to third
|
|
Batting: RHB Mike Hayward
|
0-0: Ball 1-0: SINGLE (Line Drive, 56D, EV 93.8 MPH) Dave McBain scores Carlos Cuellar to third
|
|
Batting: RHB Jeff Brower
|
0-0: Ball 1-0: Ball 2-0: Foul Ball, location: 2F 2-1: Swinging Strike 2-2: Strikes out looking
|
| Bottom of the 3rd over - 2 runs, 3 hits, 1 error, 2 left on base; New Orleans 0 - El Paso 2 |
| TOP OF THE 4TH |
|
New Orleans Zephyrs batting - Pitching for El Paso Chihuahuas : LHP Kyle Foster
|
|
Batting: RHB Manuel Taveras
|
0-0: Foul Ball, location: 2F 0-1: Ball 1-1: Ball 2-1: Swinging Strike 2-2: Ground out 5-3 (Groundball, 56S, EV 83.1 MPH)
|
|
Batting: RHB Rick Fell
|
0-0: Called Strike 0-1: Ball 1-1: Called Strike 1-2: Ball 2-2: SINGLE (Groundball, 6MD, EV 98.1 MPH)
|
|
Batting: RHB Isaiah Brockman
|
0-0: Ball 1-0: Called Strike 1-1: Called Strike Rick Fell steals 2nd base 1-2: Ball 2-2: Foul Ball, location: 2F 2-2: SINGLE (Groundball, 56S, EV 64.4 MPH) (infield hit) Rick Fell to third
|
|
Batting: RHB Masumitsu Sugiura
|
0-0: Ball 1-0: Called Strike 1-1: Foul Ball, location: 2F 1-2: Ball 2-2: SINGLE (Groundball, 34D, EV 105.6 MPH) Rick Fell scores Isaiah Brockman to second
|
|
Batting: RHB Orlando Landa
|
0-0: SINGLE (Groundball, 4MD, EV 106.9 MPH) Isaiah Brockman to third Masumitsu Sugiura to second Runner from 3rd tries for Home, SAFE, throw by CF to home
|
|
Batting: LHB David Doge
|
0-0: Ball 1-0: Swinging Strike 1-1: Ball 2-1: Ball 3-1: Swinging Strike 3-2: Base on Balls Masumitsu Sugiura to third Orlando Landa to second
|
|
Batting: RHB John Jackson
|
0-0: Fielders Choice at 2nd, 6-4 (Groundball, 6, EV 101.9 MPH) Masumitsu Sugiura scores Orlando Landa to third
|
|
Batting: RHB Boof Howell
|
0-0: Ball 1-0: Ball 2-0: Fly out, F8 (Flyball, 8LM, EV 93.1 MPH)
|
| Top of the 4th over - 3 runs, 4 hits, 0 errors, 2 left on base; New Orleans 3 - El Paso 2 |
| BOTTOM OF THE 4TH |
|
El Paso Chihuahuas batting - Pitching for New Orleans Zephyrs : RHP Nick Newmaster
|
|
Batting: LHB Angel Mejia
|
0-0: Called Strike 0-1: SINGLE (Groundball, 25, EV 75.6 MPH) (infield hit)
|
|
Batting: RHB Andy Sheridan
|
0-0: Called Strike 0-1: Fly out, F8 (Line Drive, 8RD, EV 99.4 MPH)
|
|
Batting: RHB Jerry Escamilla
|
0-0: Ball Angel Mejia steals 2nd base 1-0: Swinging Strike 1-1: Ball 2-1: Swinging Strike 2-2: Foul Ball, location: 2F 2-2: Ball 3-2: Foul Ball, location: 2F 3-2: Base on Balls
|
|
Batting: RHB Robby Godwin
|
0-0: Called Strike 0-1: Ball 1-1: Ball 2-1: Ball 3-1: Base on Balls Angel Mejia to third Jerry Escamilla to second
|
|
Batting: LHB Rich Atterberry
|
0-0: Ball 1-0: Ball 2-0: Ball Balk! Angel Mejia scores Jerry Escamilla to third Robby Godwin to second 3-0: Called Strike 3-1: Foul Ball, location: 2F 3-2: Base on Balls
|
|
Batting: RHB Dave McBain
|
0-0: Swinging Strike 0-1: Swinging Strike 0-2: Ball 1-2: Ball 2-2: Strikes out looking
|
|
Batting: LHB Carlos Cuellar
|
0-0: Foul Ball, location: 2F 0-1: SINGLE (Line Drive, 6M, EV 94.4 MPH) Jerry Escamilla scores Robby Godwin to third Rich Atterberry to second Runner from 3rd tries for Home, SAFE, throw by CF to home
|
|
Batting: RHB Mike Hayward
|
0-0: Called Strike 0-1: Ball 1-1: Called Strike 1-2: Fielders Choice at 2nd, 6-4 (Groundball, 6, EV 85.6 MPH)
|
| Bottom of the 4th over - 3 runs, 2 hits, 0 errors, 2 left on base; New Orleans 3 - El Paso 5 |
| TOP OF THE 5TH |
|
New Orleans Zephyrs batting - Pitching for El Paso Chihuahuas : LHP Kyle Foster
|
|
Batting: RHB Harrie de Kam
|
0-0: SINGLE (Groundball, 6MS, EV 68.1 MPH) (infield hit)
|
|
Batting: RHB Manuel Taveras
|
0-0: Ball 1-0: Called Strike 1-1: Swinging Strike 1-2: Ball 2-2: Strikes out swinging
|
|
Batting: RHB Rick Fell
|
0-0: Called Strike 0-1: Ball 1-1: Foul Ball, location: 2F 1-2: Foul Ball, location: 2F 1-2: Ball Harrie de Kam is caught stealing 2nd base 2-4 2-2: Fly out, F4 (Popup, 4D, EV 56.9 MPH)
|
| Top of the 5th over - 0 runs, 1 hit, 0 errors, 0 left on base; New Orleans 3 - El Paso 5 |
| BOTTOM OF THE 5TH |
|
El Paso Chihuahuas batting - Pitching for New Orleans Zephyrs : RHP Nick Newmaster
|
|
Batting: RHB Jeff Brower
|
0-0: Called Strike 0-1: Foul Ball, location: 2F 0-2: Foul Ball, location: 2F 0-2: Ball 1-2: Strikes out swinging
|
|
Batting: LHB Angel Mejia
|
0-0: Foul Ball, location: 2F 0-1: Called Strike 0-2: Strikes out swinging
|
|
Batting: RHB Andy Sheridan
|
0-0: Ball 1-0: Swinging Strike 1-1: SINGLE (Groundball, 56D, EV 106.2 MPH)
|
|
Pitching: LHP Tyler Murders
|
|
|
Batting: RHB Jerry Escamilla
|
0-0: Ball 1-0: Ball 2-0: Called Strike 2-1: Foul Ball, location: 2F 2-2: Fly out, F9 (Flyball, 9, EV 79.4 MPH)
|
| Bottom of the 5th over - 0 runs, 1 hit, 0 errors, 1 left on base; New Orleans 3 - El Paso 5 |
| TOP OF THE 6TH |
|
New Orleans Zephyrs batting - Pitching for El Paso Chihuahuas : LHP Kyle Foster
|
|
Batting: RHB Isaiah Brockman
|
0-0: Foul Ball, location: 2F 0-1: Swinging Strike 0-2: SINGLE (Groundball, 6D, EV 95.0 MPH)
|
|
Batting: RHB Masumitsu Sugiura
|
0-0: Called Strike 0-1: Ball 1-1: Foul Ball, location: 2F 1-2: Ball 2-2: Strikes out swinging
|
|
Batting: RHB Orlando Landa
|
0-0: Called Strike 0-1: Fly out, F7 (Flyball, 7, EV 88.8 MPH)
|
|
Batting: LHB David Doge
|
0-0: Called Strike 0-1: Ground out 2-3 (Groundball, 2L, EV 63.1 MPH)
|
| Top of the 6th over - 0 runs, 1 hit, 0 errors, 1 left on base; New Orleans 3 - El Paso 5 |
| BOTTOM OF THE 6TH |
|
El Paso Chihuahuas batting - Pitching for New Orleans Zephyrs : LHP Tyler Murders
|
|
Batting: RHB Robby Godwin
|
0-0: Ground out 4-3 (Groundball, 4, EV 109.4 MPH)
|
|
Batting: LHB Rich Atterberry
|
0-0: Called Strike 0-1: Foul Ball, location: 2F 0-2: Strikes out swinging
|
|
Batting: RHB Dave McBain
|
0-0: Ground out 6-3 (Groundball, 6M, EV 108.1 MPH)
|
| Bottom of the 6th over - 0 runs, 0 hits, 0 errors, 0 left on base; New Orleans 3 - El Paso 5 |
| TOP OF THE 7TH |
|
New Orleans Zephyrs batting - Pitching for El Paso Chihuahuas : LHP Kyle Foster
|
|
Batting: RHB John Jackson
|
0-0: Called Strike 0-1: Ground out 6-3 (Groundball, 6, EV 98.8 MPH)
|
|
Batting: RHB Boof Howell
|
0-0: SINGLE (Groundball, 6MD, EV 95.0 MPH)
|
|
Batting: RHB Harrie de Kam
|
0-0: Ball 1-0: Called Strike 1-1: Called Strike 1-2: Foul Ball, location: 2F 1-2: Strikes out swinging
|
|
Pitching: RHP Tony Delgado
|
|
|
Batting: RHB Manuel Taveras
|
0-0: Ball 1-0: Ball Wild Pitch! Boof Howell to second 2-0: Ball 3-0: Base on Balls
|
|
Batting: RHB Rick Fell
|
0-0: Called Strike 0-1: Ball 1-1: Swinging Strike 1-2: Ball 2-2: Ball 3-2: Strikes out swinging
|
| Top of the 7th over - 0 runs, 1 hit, 0 errors, 2 left on base; New Orleans 3 - El Paso 5 |
| BOTTOM OF THE 7TH |
|
El Paso Chihuahuas batting - Pitching for New Orleans Zephyrs : LHP Tyler Murders
|
|
Batting: LHB Carlos Cuellar
|
0-0: Foul Ball, location: 2F 0-1: Ball 1-1: Foul Ball, location: 2F 1-2: Strikes out swinging
|
|
Batting: RHB Mike Hayward
|
0-0: Called Strike 0-1: Ground out 4-3 (Groundball, 4, EV 105.6 MPH)
|
|
Batting: RHB Jeff Brower
|
0-0: Called Strike 0-1: Ball 1-1: Ball 2-1: Ball 3-1: Base on Balls
|
|
Batting: LHB Angel Mejia
|
0-0: Ball 1-0: Ball 2-0: 2-RUN HOME RUN (Flyball, 7LD, EV 96.2 MPH), Distance : 348 ft
|
|
Batting: RHB Andy Sheridan
|
0-0: Called Strike 0-1: Swinging Strike 0-2: Ball 1-2: Ball 2-2: Ground out 5-3 (Groundball, 56S, EV 84.4 MPH)
|
| Bottom of the 7th over - 2 runs, 1 hit, 0 errors, 0 left on base; New Orleans 3 - El Paso 7 |
| TOP OF THE 8TH |
|
New Orleans Zephyrs batting - Pitching for El Paso Chihuahuas : RHP Tony Delgado
|
|
Batting: RHB Isaiah Brockman
|
0-0: Called Strike 0-1: Ball 1-1: Swinging Strike 1-2: Strikes out looking
|
|
Batting: RHB Masumitsu Sugiura
|
0-0: Called Strike 0-1: Ball 1-1: Ball 2-1: Foul Ball, location: 2F 2-2: Foul Ball, location: 2F 2-2: Foul Ball, location: 2F 2-2: Ball 3-2: Foul Ball, location: 2F 3-2: Foul Ball, location: 2F 3-2: Base on Balls
|
|
Batting: RHB Orlando Landa
|
0-0: Ball 1-0: Grounds into double play, 5-4-3 (Groundball, 56, EV 103.8 MPH)
|
| Top of the 8th over - 0 runs, 0 hits, 0 errors, 0 left on base; New Orleans 3 - El Paso 7 |
| BOTTOM OF THE 8TH |
|
El Paso Chihuahuas batting - Pitching for New Orleans Zephyrs : LHP Tyler Murders
|
|
Pitching: RHP Giampaolo Nobile
|
|
|
Batting: RHB Jerry Escamilla
|
0-0: Called Strike 0-1: Ball 1-1: Fly out, F7 (Line Drive, 7S, EV 90.0 MPH)
|
|
Batting: RHB Robby Godwin
|
0-0: Foul Ball, location: 2F 0-1: Ball 1-1: SOLO HOME RUN (Flyball, 78XD, EV 108.1 MPH), Distance : 429 ft
|
|
Batting: LHB Rich Atterberry
|
0-0: Swinging Strike 0-1: Ball 1-1: Ball 2-1: Called Strike 2-2: Foul Ball, location: 2F 2-2: Strikes out looking
|
|
Batting: RHB Dave McBain
|
0-0: Ball 1-0: Called Strike 1-1: Called Strike 1-2: Foul Ball, location: 2F 1-2: Ball 2-2: Foul Ball, location: 2F 2-2: Strikes out swinging
|
| Bottom of the 8th over - 1 run, 1 hit, 0 errors, 0 left on base; New Orleans 3 - El Paso 8 |
| TOP OF THE 9TH |
|
New Orleans Zephyrs batting - Pitching for El Paso Chihuahuas : RHP Tony Delgado
|
|
Batting: LHB David Doge
|
0-0: Foul Ball, location: 2F 0-1: Ball 1-1: Called Strike 1-2: Strikes out swinging
|
|
Pinch Hitting: LHB Eric Bailey
|
0-0: Swinging Strike 0-1: Foul Ball, location: 2F 0-2: Ball 1-2: SINGLE (Line Drive, 89M, EV 91.2 MPH)
|
|
Batting: RHB Boof Howell
|
0-0: Ball Wild Pitch! Eric Bailey to second 1-0: Foul Ball, location: 2F 1-1: Swinging Strike 1-2: Foul Ball, location: 2F 1-2: Strikes out swinging
|
|
Pitching: LHP Shelby Rich
|
|
|
Batting: RHB Harrie de Kam
|
0-0: Called Strike 0-1: Ball 1-1: Foul Ball, location: 2F 1-2: DOUBLE (Line Drive, 89D, EV 111.9 MPH) Eric Bailey scores
|
|
Batting: RHB Manuel Taveras
|
0-0: Ball 1-0: Ground out 6-3 (Groundball, 6S, EV 90.0 MPH)
|
| Top of the 9th over - 1 run, 2 hits, 0 errors, 1 left on base; New Orleans 4 - El Paso 8 |
|